 Dungeon Crawl Stone Soup version 0.29.1-15-g9cfb28693d (webtiles) character file.

Game seed: 3424922374185223700

347 protoss039 the Digger (level 6, -1/47 HPs)
             Began as a Demonspawn Earth Elementalist on Mar 8, 2023.
             Killed from afar by an orc wizard (6 damage)
             ... with a puff of flame
             ... on level 4 of the Dungeon.
             The game lasted 00:03:35 (2777 turns).

protoss039 the Digger (DsEE)                        Turns: 2777, Time: 00:03:36

Health: -1/47      AC:  6    Str:  8    XL:     6   Next: 33%
Magic:  6/11       EV: 10    Int: 19    God:
Gold:   178        SH:  0    Dex: 13    Spells: 6/12 levels left

rFire   . . .      SeeInvis .   c - +2 dagger (protect)
rCold   . . .      Faith    .   (no shield)
rNeg    . . .      Spirit   .   d - +0 ring mail
rPois   .          Reflect  .   (no helmet)
rElec   .          Harm     .   (no cloak)
rCorr   .          Rampage  .   o - +0 pair of gloves
Will    .....                   (no boots)
Stlth   +.........              (no amulet)
HPRegen 0.15/turn               (no ring)
MPRegen 0.12/turn               (no ring)

@: lethally poisoned (-1 -> -13)
A: weakness stinger 2
a: no special abilities


You were on level 4 of the Dungeon.
You visited 1 branch of the dungeon, and saw 4 of its levels.

You collected 178 gold pieces.

Inventory:

Hand Weapons
 c - a +2 dagger of protection (weapon)
Armour
 d - a +0 ring mail (worn)
 o - a +0 pair of gloves (worn)
Wands
 r - a wand of flame (12)
Scrolls
 a - 2 scrolls of fog {unknown}
 e - a scroll of poison {unknown}
 k - a scroll of noise {unknown}
 n - a scroll of identify {unknown}
 p - a scroll of fear {unknown}
 q - a scroll of amnesia {unknown}
Potions
 b - a potion of magic
 f - a potion of haste {unknown}
 g - 2 potions of curing
 h - 2 potions of heal wounds {unknown}
 i - a potion of degeneration {unknown}
 j - a potion of ambrosia {unknown}
 l - a potion of flight {unknown}
 m - a potion of invisibility {unknown}


   Skills:
 + Level 3.4 Fighting
 - Level 1.7 Dodging
 - Level 1.7 Stealth
 + Level 3.9 Spellcasting
 - Level 0.8 Transmutations
 + Level 4.3 Earth Magic


You had 6 spell levels left.
You knew the following spells:

 Your Spells              Type           Power      Damage    Failure   Level
a - Sandblast             Erth           40%        2d10      7%          1
b - Passwall              Tmut/Erth      10%        N/A       22%         2
c - Stone Arrow           Conj/Erth      24%        3d8       47%         3

Your spell library contained the following spells:

 Spells                   Type           Power      Damage    Failure   Level
 Petrify                  Tmut/Erth      13%        N/A       82%         4


Dungeon Overview and Level Annotations

Branches:
Dungeon (4/15) Zot: 21176
 Temple: D:4-7

Altars:


Innate Abilities, Weirdness & Mutations

You have a tail ending in a sharp stinger.


Message History

Casting: Sandblast (safe; 7% risk of failure)
Confirm with . or Enter, or press ? or * to list all spells.
Aiming: Sandblast (safe; 7% risk of failure)
Press: ? - help, Shift-Dir - straight line, f/p - orc priest
Aim: an orc priest, wielding a +0 spear and wearing a +0 ring mail (85% to hit)
The blast of sand hits the orc wizard.
The orc wizard is severely wounded.
The orc priest invokes the aid of Beogh against you.
Beogh smites you!
The orc priest looks encouraged for a moment.
The orc wizard hits you with a +1 dagger of venom.
You are poisoned.
Casting: Sandblast (safe; 7% risk of failure)
Confirm with . or Enter, or press ? or * to list all spells.
Aiming: Sandblast (safe; 7% risk of failure)
Press: ? - help, Shift-Dir - straight line, f/p - orc priest
Aim: an orc priest, wielding a +0 spear and wearing a +0 ring mail (85% to hit)
The blast of sand hits the orc priest!
The orc priest is heavily wounded.
You feel very sick. The orc priest hits you with a +0 club.
* * * LOW HITPOINT WARNING * * *
The orc priest hits you but does no damage.
The orc wizard hits you but does no damage.
You are lethally poisoned!
Casting: Sandblast (safe; 7% risk of failure)
Confirm with . or Enter, or press ? or * to list all spells.
Aiming: Sandblast (safe; 7% risk of failure)
Press: ? - help, Shift-Dir - straight line, f/p - orc priest
Aim: an orc priest, wielding a +0 spear and wearing a +0 ring mail (85% to hit)
The blast of sand hits the orc priest!
You kill the orc priest!
* * * LOW HITPOINT WARNING * * *
You feel very sick. The orc priest barely misses you.
The orc wizard barely misses you.
The orc priest hits you from afar with a +0 spear.
* * * LOW HITPOINT WARNING * * *
The orc wizard casts a spell at you. The puff of flame hits you.
You die...

#......###...<......
#.#.#..# #.##.######
#.....## #.##.#
#.#.#.# #.##.#
#.....# ...#.#
#####.# #.#.#.#
...#.#.#...#.#
#.#.###.#..........
......o@..##.....
..#.#o#o......... ..
#....#.###. ##
#........ ....##....
.#.#.. .... #...#.#.
... . ......# #.


You could see an orc priest, an orc wizard and an orc.

Vanquished Creatures
  Sigmund (D:3)
  An orc priest (D:4)
  Terence (D:3)
  Natasha (thrice) (D:3)
  2 adders (D:2)
  2 worms (D:2)
  4 orcs
  5 endoplasms
  A giant cockroach (D:2)
  7 goblins
  8 hobgoblins
  3 jackals (D:1)
  7 kobolds
  3 quokkas
  7 ball pythons
  3 bats (D:1)
  4 frilled lizards
  4 rats
66 creatures vanquished.

Notes
Turn   | Place    | Note
-------+----------+-------------------------------------------
     0 | D:1      | protoss039 the Demonspawn Earth Elementalist began the
                  | quest for the Orb.
     0 | D:1      | Reached XP level 1. HP: 13/13 MP: 3/3
   190 | D:1      | Gained mutation: You have a small tail. [demonic ancestry]
   190 | D:1      | Reached XP level 2. HP: 18/20 MP: 1/5
   355 | D:1      | Reached skill level 1 in Fighting
   389 | D:1      | Reached skill level 3 in Earth Magic
   516 | D:1      | Found a faded altar of an unknown god.
   699 | D:1      | Learned a level 2 spell: Passwall
   771 | D:2      | Reached XP level 3. HP: 24/26 MP: 1/6
  1369 | D:2      | Gained mutation: You have a tail ending in a sharp stinger.
                  | [demonic ancestry]
  1369 | D:2      | Reached XP level 4. HP: 26/33 MP: 5/8
  1681 | D:2      | Learned a level 3 spell: Stone Arrow
  1788 | D:3      | Noticed Natasha
  1794 | D:3      | Killed Natasha
  1851 | D:3      | Noticed Sigmund
  1859 | D:3      | Killed Sigmund
  1860 | D:3      | Reached skill level 4 in Earth Magic
  1860 | D:3      | Reached XP level 5. HP: 32/41 MP: 3/10
  2019 | D:3      | Reached XP level 6. HP: 47/47 MP: 9/11
  2066 | D:3      | Noticed Natasha
  2076 | D:3      | Killed Natasha
  2253 | D:3      | Noticed Terence
  2272 | D:3      | Killed Terence
  2474 | D:3      | Noticed Natasha
  2479 | D:3      | Killed Natasha
  2777 | D:4      | Killed from afar by an orc wizard

Illustrated notes

Levels and vault maps discovered:
D:1:      lightli_arrival_statuegarden, layout_rooms,
          chequers_ecumenical_altar_simple_redux
D:2:      layout_basic, guppyfry_early_orc_mine
D:3:      layout_basic, uniq_sigmund, uniq_terence, uniq_natasha
D:4:      nicolae_cairo_tiling_large_dashed, layout_loops_ring,
          nicolae_overflow_hidden_temple, nicolae_gozag_seed_capital,
          serial_co_window_serial, co_window_corner_a,
          co_window_of_opportunity_a, co_window_paths_b, co_window_paths_b,
          co_window_paths_b, co_window_broadway_a, co_window_of_opportunity_b,
          co_window_of_opportunity_c, co_window_paths_d, glass_columns_c,
          glass_columns_c, glass_columns_a, glass_columns_a, glass_columns_c,
          amcnicky_mini_pool_small

Skill      XL: |  1  2  3  4 |
---------------+-------------+-----
Fighting       | 1 3 |  3.4
Earth Magic    | 3 4 |  4.3
Spellcasting   | 3 |  3.9
Dodging        | |  1.7
Stealth        | |  1.7
Transmutations | |  0.8

Action                   |  1- 3 |  4- 6 || total
-------------------------+-------+-------++-------
Melee: Dagger            |    44 |    20 ||    64
       Tailslap          |     7 |     7 ||    14
 Cast: Sandblast         |    48 |    41 ||    89
Armor: Ring mail         |    30 |    17 ||    47
Dodge: Dodged            |    62 |    25 ||    87
